3211 views
Uploaded 2020-05-21 20:49:33
Game version 1.32.4 / 1.32.5
7:48 long 2on2 ladder game on (4)HillsbradCreek
Saved by SpaceCptNav
3211 views
Uploaded 2020-05-21 20:49:33
Game version 1.32.4 / 1.32.5
7:48 long 2on2 ladder game on (4)HillsbradCreek


33 units @ 3.4k
/ 0.2k
22 buildings @ 2.8k
/ 0.9k

| Scroll of Regeneration | 2 | 200 |
| Lesser Clarity Potion | 2 | 140 |
| total: | 4 | 340g |
| Peasant | 8 | 600 | / | 0 |
| Rifleman | 6 | 1230 | / | 180 |
| total: | 14 | 1830g | / | 180w |
| Scout Tower | 1 | 30 | / | 20 |
| Arcane Tower | 1 | 70 | / | 50 |
| Altar of Kings | 1 | 180 | / | 50 |
| Farm | 6 | 480 | / | 120 |
| Blacksmith | 1 | 140 | / | 60 |
| Barracks | 1 | 160 | / | 60 |
| Lumber Mill | 1 | 120 | / | 0 |
| Arcane Vault | 1 | 130 | / | 30 |
| Keep | 1 | 320 | / | 210 |
| total: | 12 | 1240g | / | 340w |
| 0:03 | Peasant |
| 0:03 | Peasant |
| 0:03 | Peasant |
| 0:12 | Peasant |
| 0:12 | Peasant |
| 0:24 | Peasant |
| 0:49 | Altar of Kings |
| 0:51 | Farm |
| 1:04 | Scout Tower |
| 1:09 | Blacksmith |
| 1:12 | Peasant |
| 1:30 | Arcane Tower |
| 1:35 | Barracks |
| 1:40 | Peasant |
| 1:48 | Farm |
| 2:03 | Lumber Mill |
| 2:31 | Farm |
| 2:36 | Farm |
| 2:43 | Rifleman |
| 2:53 | Storm Bolt |
| 3:01 | Rifleman |
| 3:33 | Rifleman |
| 3:41 | Farm |
| 3:52 | Rifleman |
| 4:23 | Farm |
| 4:26 | Keep |
| 4:32 | Thunder Clap |
| 4:45 | Rifleman |
| 4:59 | Arcane Vault |
| 5:49 | Rifleman |
| 5:50 | Black Gunpowder |
| 6:13 | Scroll of Regeneration |
| 6:13 | Lesser Clarity Potion |
| 6:16 | Lesser Clarity Potion |
| 6:17 | Scroll of Regeneration |
| 6:34 | Storm Bolt |
| Right click | 294 |
| Select | 116 |
| Build/train/purchase | 34 |
| Select group | 20 |
| Assign group | 13 |
| Use ability | 6 |
| Item give/drop | 1 |


| Potion of Healing | 2 | 300 |
| total: | 2 | 300g |
| Wisp | 13 | 780 | / | 0 |
| Archer | 6 | 780 | / | 60 |
| total: | 19 | 1560g | / | 60w |
| Altar of Elders | 1 | 180 | / | 50 |
| Moon Well | 4 | 720 | / | 160 |
| Ancient of War | 1 | 150 | / | 60 |
| Ancient of Wonders | 2 | 180 | / | 60 |
| Hunter's Hall | 1 | 210 | / | 100 |
| Ancient of Lore | 1 | 155 | / | 145 |
| Tree of Ages | 1 | 320 | / | 180 |
| Tree of Eternity | 1 | 330 | / | 200 |
| total: | 10 | 1595g | / | 575w |
| 0:03 | Wisp |
| 0:05 | Altar of Elders |
| 0:13 | Wisp |
| 0:18 | Moon Well |
| 0:26 | Wisp |
| 0:32 | Ancient of War |
| 0:33 | Wisp |
| 0:43 | Wisp |
| 0:48 | Wisp |
| 0:59 | Wisp |
| 1:12 | Wisp |
| 1:33 | Archer |
| 1:40 | Moon Well |
| 1:42 | Wisp |
| 1:56 | Wisp |
| 2:05 | Mana Burn |
| 2:11 | Ancient of Wonders |
| 2:15 | Wisp |
| 2:33 | Archer |
| 2:34 | Archer |
| 2:48 | Tree of Ages |
| 3:07 | Moon Well |
| 3:24 | Archer |
| 3:38 | Evasion |
| 3:40 | Archer |
| 3:52 | Hunter's Hall |
| 4:09 | Moon Well |
| 4:21 | Archer |
| 4:32 | Ancient of Wonders |
| 4:53 | Ultravision |
| 5:10 | Wisp |
| 5:10 | Wisp |
| 5:34 | Improved Bows |
| 5:40 | Tree of Eternity |
| 5:55 | Mana Burn |
| 6:30 | Frost Arrows |
| 7:10 | Potion of Healing |
| 7:13 | Potion of Healing |
| 7:39 | Ancient of Lore |
| Right click | 325 |
| Select group | 236 |
| Select | 216 |
| Build/train/purchase | 38 |
| Assign group | 27 |
| Chat | 21 |
| Use ability | 13 |
| Misc. action | 4 |
| Esc | 1 |
34 units @ 3.7k
/ 0.2k
17 buildings @ 2.7k
/ 1.2k


| Healing Salve | 2 | 200 |
| Scroll of Speed | 1 | 50 |
| Lesser Clarity Potion | 2 | 140 |
| total: | 5 | 390g |
| Peon | 8 | 600 | / | 0 |
| Grunt | 6 | 1200 | / | 0 |
| Raider | 3 | 540 | / | 120 |
| total: | 17 | 2340g | / | 120w |
| Altar of Storms | 1 | 180 | / | 50 |
| Orc Burrow | 3 | 480 | / | 120 |
| Barracks | 1 | 180 | / | 50 |
| Voodoo Lounge | 1 | 130 | / | 30 |
| Beastiary | 2 | 290 | / | 280 |
| Stronghold | 2 | 630 | / | 380 |
| total: | 8 | 1260g | / | 530w |
| 0:02 | Peon |
| 0:02 | Peon |
| 0:06 | Altar of Storms |
| 0:09 | Orc Burrow |
| 0:18 | Peon |
| 0:26 | Barracks |
| 0:37 | Peon |
| 0:48 | Peon |
| 0:57 | Peon |
| 1:25 | Peon |
| 1:29 | Orc Burrow |
| 1:41 | Grunt |
| 1:41 | Grunt |
| 1:54 | Peon |
| 2:02 | Voodoo Lounge |
| 2:09 | Feral Spirit |
| 2:25 | Grunt |
| 2:56 | Stronghold |
| 3:05 | Healing Salve |
| 3:06 | Scroll of Speed |
| 3:15 | Lesser Clarity Potion |
| 3:15 | Lesser Clarity Potion |
| 3:39 | Grunt |
| 3:58 | Chain Lighting |
| 4:00 | Grunt |
| 4:06 | Orc Burrow |
| 4:16 | Healing Salve |
| 5:07 | Grunt |
| 5:27 | Beastiary |
| 5:29 | Beastiary |
| 5:36 | Frost Arrows |
| 6:10 | Pillage |
| 6:35 | Ensnare |
| 6:35 | Raider |
| 7:06 | Raider |
| 7:16 | Feral Spirit |
| 7:41 | Raider |
| Select group | 925 |
| Right click | 710 |
| Assign group | 260 |
| Select | 195 |
| Chat | 113 |
| Build/train/purchase | 58 |
| Misc. action | 16 |
| Use ability | 12 |
| Minimap ping | 5 |
| Esc | 2 |


| Staff of Preservation | 2 | 300 |
| Boots of Speed | 1 | 250 |
| Staff of Teleportation | 1 | 150 |
| total: | 4 | 700g |
| Wisp | 12 | 720 | / | 0 |
| Archer | 4 | 520 | / | 40 |
| Dryad | 1 | 145 | / | 60 |
| total: | 17 | 1385g | / | 100w |
| Altar of Elders | 1 | 180 | / | 50 |
| Moon Well | 3 | 540 | / | 120 |
| Ancient of War | 1 | 150 | / | 60 |
| Hunter's Hall | 1 | 210 | / | 100 |
| Ancient of Wonders | 1 | 90 | / | 30 |
| Ancient of Lore | 2 | 310 | / | 290 |
| Tree of Ages | 1 | 320 | / | 180 |
| total: | 9 | 1480g | / | 650w |
| 0:02 | Altar of Elders |
| 0:03 | Wisp |
| 0:03 | Wisp |
| 0:03 | Wisp |
| 0:18 | Moon Well |
| 0:33 | Ancient of War |
| 0:36 | Wisp |
| 0:50 | Wisp |
| 1:09 | Wisp |
| 1:11 | Wisp |
| 1:15 | Wisp |
| 1:24 | Wisp |
| 1:34 | Moon Well |
| 1:39 | Archer |
| 1:54 | Wisp |
| 2:20 | Evasion |
| 2:24 | Archer |
| 2:45 | Archer |
| 2:46 | Tree of Ages |
| 3:17 | Archer |
| 3:25 | Moon Well |
| 3:29 | Mana Burn |
| 3:40 | Hunter's Hall |
| 4:20 | Ancient of Wonders |
| 5:16 | Mana Burn |
| 5:19 | Boots of Speed |
| 5:19 | Staff of Teleportation |
| 5:28 | Wisp |
| 5:28 | Wisp |
| 5:29 | Ancient of Lore |
| 5:36 | Staff of Preservation |
| 5:36 | Staff of Preservation |
| 5:46 | Ancient of Lore |
| 5:55 | Frost Arrows |
| 7:25 | Mana Shield |
| 7:29 | Dryad |
| 7:29 | Abolish Magic |
| Select group | 666 |
| Right click | 480 |
| Chat | 238 |
| Select | 154 |
| Misc. action | 42 |
| Build/train/purchase | 35 |
| Assign group | 18 |
| Use ability | 5 |
| Esc | 2 |
| Item give/drop | 1 |
โ